 Dungeon Crawl Stone Soup version 0.28.0-45-g0d030f2227 (webtiles) character file.

Game seed: 14395118926631403422

222 hawla the Conjurer (level 5, -12/37 (39) HPs)
             Began as a Draconian Conjurer on Apr 21, 2022.
             Mangled by Crazy Yiuf
             ... wielding a +2 quarterstaff of chaos
              (15 damage)
             ... on level 3 of the Dungeon.
             The game lasted 00:08:43 (3526 turns).

hawla the Conjurer (Draconian Conjurer)             Turns: 3526, Time: 00:08:44

HP:   -12/37 (39)   AC:  0    Str:  9    XL:     5   Next: 66%
MP:   1/8           EV: 14    Int: 20    God:
Gold: 128           SH:  0    Dex: 10    Spells: 2/9 levels left

rFire   . . .      SeeInvis .   (weapon currently unavailable)
rCold   . . .      Faith    .   (shield currently unavailable)
rNeg    . . .      Spirit   .   (armour unavailable)
rPois   .          Reflect  .   (helmet currently unavailable)
rElec   .          Harm     .   (cloak currently unavailable)
rCorr   .          Rampage  .   (gloves currently unavailable)
Will    .....                   (boots currently unavailable)
Stlth   ++........              (no amulet)
HPRegen 0.12/turn               (ring currently unavailable)
MPRegen 0.11/turn               (ring currently unavailable)

@: lethally poisoned (-12 -> -16), pig-form, drained, very quick
A: fast, no casting, AC +5, small, unfitting armour, (cold-blooded)
a: no special abilities


You were on level 3 of the Dungeon.
You were a filthy swine.
You visited 1 branch of the dungeon, and saw 3 of its levels.
You also visited: Sewer.

You collected 128 gold pieces.

Inventory:

Hand Weapons
 a - the +8 trident of the Octopus King (melded) {venom, rElec rPois}
   (You found it on level 2 of the Dungeon)

   It poisons the flesh of those it strikes.
   rElec:     It insulates you from electricity.
   rPois:     It protects you from poison.
Armour
 h - a +0 pair of gloves (melded)
Wands
 c - a wand of charming (11)
 k - a wand of acid (6)
Scrolls
 f - a scroll of teleportation
 g - a scroll of fear {unknown}
 j - 2 scrolls of amnesia {unknown}
Potions
 b - 2 potions of lignification
 d - 3 potions of curing {unknown}
 e - 2 potions of might
 i - 2 potions of heal wounds {unknown}
 l - a potion of ambrosia {unknown}


   Skills:
 + Level 0.5 Fighting
 + Level 1.0 Polearms
 + Level 2.1 Dodging
 + Level 3.5 Stealth
 + Level 2.5 Spellcasting
 + Level 5.5 Conjurations


You had 2 spell levels left.
You knew the following spells:

 Your Spells              Type           Power      Damage    Failure   Level
a - Magic Dart            Conj           96%        1d7       1%          1
b - Searing Ray           Conj           48%        2d6       2%          2
c - Iskenderun's Mystic   Conj/Tloc      13%        2d5       43%         4

Your spell library contained the following spells:

 Spells                   Type           Power      Damage    Failure   Level
 Apportation              Tloc           4%         N/A       16%         1
 Dazzling Flash           Conj/Hex       26%        N/A       14%         3
 Fulminant Prism          Conj/Hex       6%         3d7       43%         4
 Alistair's Intoxication  Tmut/Pois      1%         N/A       99%         5


Dungeon Overview and Level Annotations

Branches:
Dungeon (3/15)              Sewer (visited)

Altars:

Annotations:
D:3 2 transporters, Crazy Yiuf; nickcage's ghost, amateur OpTm


Innate Abilities, Weirdness & Mutations

You are a filthy swine.
You move quickly.
Your equipment is almost entirely melded.
You are incapable of wielding weapons or throwing items.
You cannot cast spells.
((Your plain brown scales are hard. (AC +5)))
You cannot fit into any form of body armour.
((You are cold-blooded and may be slowed by cold attacks.))


Message History

Crazy Yiuf says, "Pitchfork mumblescurry spinner!"
Crazy Yiuf hits you with a +2 quarterstaff of chaos!
The searing ray hits Crazy Yiuf but does no damage.
Crazy Yiuf is moderately wounded.
Crazy Yiuf sings, "Trees, trees, trees, circus!"
Crazy Yiuf barely misses you.
You hit Crazy Yiuf.
Crazy Yiuf is poisoned.
Crazy Yiuf is heavily wounded.
Crazy Yiuf zaps a wand.
You resist with some effort.
Crazy Yiuf zaps a wand.
You turn into a filthy swine.
The +8 trident of the Octopus King {venom, rElec rPois} melds into your body.
Your +0 pair of gloves melds into your body.
The +8 trident of the Octopus King {venom, rElec rPois} stops dripping with poison.
You closely miss Crazy Yiuf.
Crazy Yiuf is heavily wounded.
Crazy Yiuf closely misses you.
You closely miss Crazy Yiuf.
Crazy Yiuf is moderately wounded.
You closely miss Crazy Yiuf.
Crazy Yiuf is moderately wounded.
Crazy Yiuf misses you.
You hit Crazy Yiuf but do no damage.
Crazy Yiuf is moderately wounded.
Crazy Yiuf misses you.
You closely miss Crazy Yiuf.
Crazy Yiuf is moderately wounded.
Crazy Yiuf hits you with a +2 quarterstaff of chaos!
You are poisoned.
You barely miss Crazy Yiuf.
Crazy Yiuf is moderately wounded.
You feel sick.
Crazy Yiuf hits you with a +2 quarterstaff of chaos!
* * * LOW HITPOINT WARNING * * *
You feel drained.
* * * LOW HITPOINT WARNING * * *
It was a potion of lignification.
You feel woody for a moment.
* * * LOW HITPOINT WARNING * * *
You feel sick.
Crazy Yiuf hits you with a +2 quarterstaff of chaos!
You die...

#########..................#
#.....)...........##.<######
#.##########.#.....#..# #.#
##########.# #.# #.#.#
#.###♣♣♣♣♣ #...#
#.#....♣.♣♣♣ ### ###.#
#.......♣..♣#...# #.#
#......♣♣♣♣hg...# #.#
##....♣♣ ♣♣#..)# ###.######
####♣♣ ### #.........
###.#####. ###.# ##
########.#.# #. #..........#
#[ #.#######..# #[ #..# #.##
#.


You could see Crazy Yiuf (poisoned).

Vanquished Creatures
  Pargi (Sewer)
  Jessica (D:2)
  3 adders
  A river rat (D:3)
  An ufetubus (D:2)
  2 worms
  A dart slug (D:1)
  4 orcs (D:3)
  A bat (D:1)
  3 endoplasms
  A giant cockroach (D:3)
  5 goblins
  5 hobgoblins
  3 jackals
  2 quokkas
  5 ball pythons
  5 frilled lizards
  5 kobolds
  4 rats
53 creatures vanquished.

Notes
Turn   | Place    | Note
-------+----------+-------------------------------------------
     0 | D:1      | hawla the Draconian Conjurer began the quest for the Orb.
     0 | D:1      | Reached XP level 1. HP: 14/14 MP: 3/3
   269 | D:1      | Reached XP level 2. HP: 11/20 MP: 0/5
   277 | D:1      | Learned a level 2 spell: Searing Ray
   570 | D:1      | Found a faded altar of an unknown god.
  1349 | D:2      | Found the +8 trident of the Octopus King {venom, rElec
                  | rPois}
  1388 | D:2      | Reached XP level 3. HP: 19/26 MP: 0/6
  1830 | D:2      | Noticed Jessica
  1842 | D:2      | Killed Jessica
  1843 | D:2      | Reached skill level 5 in Conjurations
  1843 | D:2      | Reached XP level 4. HP: 29/33 MP: 0/7
  1848 | D:2      | Learned a level 4 spell: Iskenderun's Mystic Blast
  2434 | D:3      | Noticed nickcage's ghost (amateur OpTm)
  2439 | D:3      | Found a transporter.
  2455 | D:3      | Found a transporter.
  2554 | D:3      | Found a runed translucent door.
  2555 | D:3      | Noticed Crazy Yiuf
  2878 | D:3      | Found a glowing drain.
  2898 | Sewer    | Entered a sewer
  3044 | Sewer    | Noticed Pargi
  3060 | Sewer    | Killed Pargi
  3061 | Sewer    | Reached skill level 1 in Polearms
  3061 | Sewer    | Reached XP level 5. HP: 20/39 MP: 1/8
  3526 | D:3      | Mangled by Crazy Yiuf

Illustrated notes

Levels and vault maps discovered:
D:1:      lemuel_arrival_muddy, layout_basic,
          hellmonk_ecumenical_altar_leap_of_faith
D:2:      layout_basic, corexii_shack, minmay_octomino_e4, uniq_jessica
D:3:      layout_rooms, gammafunk_ghost_arena, portal_sewer_entry_a,
          uniq_crazy_yiuf_cottage

Skill      XL: |  1  2  3  4 |
---------------+-------------+-----
Stealth        | 2 3 |  3.5
Conjurations   | 5 |  5.5
Dodging        | 2 |  2.1
Polearms       | 1 |  1.0
Fighting       | |  0.5
Spellcasting   | |  2.5

Action                   |  1- 3 |  4- 6 || total
-------------------------+-------+-------++-------
Melee: Unarmed           |     9 |     6 ||    15
       Trident           |    15 |    25 ||    40
       Tailslap          |       |     3 ||     3
 Cast: Magic Dart        |    20 |     8 ||    28
       Searing Ray       |    11 |    12 ||    23
       Iskenderun's Myst |       |     1 ||     1
  Use: Scroll            |     5 |       ||     5
       Potion            |       |     1 ||     1
Armor: Skin              |     6 |    13 ||    19
Dodge: Dodged            |    10 |    32 ||    42
